 Dungeon Crawl Stone Soup version 0.19-a0-1851-g3228ea0 (webtiles) character file.

151 pestonoire the Poker (level 5, 0/39 HPs)
             Began as a Merfolk Gladiator on Oct 10, 2016.
             Slain by Duvessa
             ... wielding a +0 rapier
              (17 damage)
             ... on level 4 of the Dungeon.
             The game lasted 00:11:13 (1945 turns).

pestonoire the Poker (Merfolk Gladiator)            Turns: 1945, Time: 00:11:14

Health: 0/39       AC:  4    Str: 18    XL:     5   Next: 33%
Magic:  5/5        EV: 14    Int:  7    God:
Gold:   87         SH:  0    Dex: 16    Spells: 0 memorised, 4 levels left

rFire  . . .     SeeInvis +     a - +0 trident
rCold  . . .     Gourm    .     b - +0 leather armour
rNeg   . . .     Faith    .     (no shield)
rPois  .         Spirit   .     c - +0 helmet
rElec  .         Dismiss  +     (no cloak)
rCorr  .         Reflect  .     (no gloves)
MR     .....     Harm     .     (no boots)
Stlth  +.........               p - amulet of dismissal
                                v - +3 ring of strength
                                n - ring of see invisible

@: no status effects
A: change form in water, swift swim, stealthy swim
a: no special abilities


You were on level 4 of the Dungeon.
You were hungry.

You visited 1 branch of the dungeon, and saw 4 of its levels.

You collected 87 gold pieces.

Inventory:

Hand Weapons
 a - a +0 trident (weapon)
Missiles
 u - 4 tomahawks (quivered)
Armour
 b - a +0 leather armour (worn)
 c - a +0 helmet (worn)
Jewellery
 n - a ring of see invisible (left hand)
 p - an amulet of dismissal (around neck)
 v - a +3 ring of strength (right hand)
Scrolls
 e - a scroll of amnesia {unknown}
 j - a scroll of fear {unknown}
 k - a scroll of magic mapping {unknown}
 m - a scroll of blinking
 o - a scroll of identify {unknown}
 r - 2 scrolls of noise
 w - a scroll of remove curse {unknown}
Potions
 h - 3 potions of heal wounds
 l - a potion of agility {unknown}
 q - a potion of mutation {unknown}
 s - a potion of haste {unknown}
Comestibles
 f - 3 bread rations
 g - 3 chunks of flesh
 t - a beef jerky


   Skills:
 - Level 2.5 Fighting
 * Level 7.9 Polearms
 - Level 2.0 Throwing
 + Level 4.5 Dodging


You had 4 spell levels left.
You didn't know any spells.

Dungeon Overview and Level Annotations

Branches:
Dungeon (4/15)
 Temple: D:4-7

Altars:

Annotations:
D:4 Dowan, Duvessa, Sigmund


Message History

You hit Duvessa but do no damage.
Duvessa is moderately wounded.
Duvessa closely misses you. Duvessa hits you with a rapier!
You hit Duvessa.
Duvessa is heavily wounded.
You are feeling hungry.
Duvessa closely misses you.
You hit Duvessa.
Duvessa is heavily wounded.
Duvessa completely misses you.
Throwing (i - inventory. (,) - cycle):
d - a throwing net (quivered)
Press: ? - help, Shift-Dir - straight line, f/p - Duvessa
Aim: Duvessa, wielding a rapier (heavily wounded, berserk, fast, unusually strong)
You throw a throwing net. The throwing net barely misses Duvessa.
The throwing net hits Dowan.
Dowan is caught in the net!
Duvessa misses you.
Dowan struggles against the net.
You closely miss Duvessa.
Duvessa is heavily wounded.
Duvessa hits you with a rapier!
You die...

#........# #.#
#.######.#######.#
#...##.........#.#
###.##.#.#####.#.#
#.##.#.# #.#.#
########.## #.#####.#.###
.........# #.......#...#
###########.#.#######.###
. #.......ee@...#.# ###
......#.#####.#.## ...
#.###.#.#####.#..# ...
........[....# .##
#.######.###..# # ## #..#
. #..# ..# #.## ..# #.#


You could see Duvessa (berserk) and Dowan (caught).

Vanquished Creatures
  A worker ant (D:4)
  A gnoll (D:3)
  4 adders
  2 oozes
  A worm (D:2)
  2 dart slugs
  2 leopard geckos (D:3)
  7 orcs
  2 ball pythons
  4 giant cockroaches
  4 goblins
  6 hobgoblins
  4 kobolds (D:2)
  3 quokkas
  8 bats
  2 frilled lizards
  6 rats
59 creatures vanquished.

Notes
Turn   | Place    | Note
-------+----------+-------------------------------------------
     0 | D:1      | pestonoire the Merfolk Gladiator began the quest for the Orb.
     0 | D:1      | Reached XP level 1. HP: 16/16 MP: 1/1
   139 | D:1      | Reached skill level 5 in Polearms
   149 | D:1      | Reached XP level 2. HP: 22/22 MP: 2/2
   594 | D:2      | Reached XP level 3. HP: 21/27 MP: 3/3
   599 | D:2      | Reached skill level 6 in Polearms
   979 | D:2      | Found a faded altar of an unknown god.
  1106 | D:2      | Reached XP level 4. HP: 33/33 MP: 4/4
  1129 | D:3      | Reached skill level 7 in Polearms
  1564 | D:3      | Reached XP level 5. HP: 39/39 MP: 5/5
  1605 | D:4      | Noticed Sigmund
  1796 | D:4      | Noticed Dowan
  1801 | D:4      | Noticed Duvessa
  1945 | D:4      | Slain by Duvessa

Vault maps used:
D:1:      elethiomel_arrival_shortcut, st_stairs_8, patterned_corridor
D:2:      ecumenical_altar_1
D:4:      serial_shops, nicolae_shop_overgrown_old_shop,
          guppyfry_early_orc_mine, uniq_duvessa, uniq_sigmund

Skill      XL: |  1  2  3  4 |
---------------+-------------+-----
Polearms       | 5 6 7 |  7.9
Fighting       | |  2.5
Throwing       | |  2.0
Dodging        | |  4.5

Action                   |  1- 3 |  4- 6 || total
-------------------------+-------+-------++-------
Melee: Trident           |   106 |    96 ||   202
Throw: Throwing net      |       |     3 ||     3
  Use: Scroll            |       |     4 ||     4
       Potion            |       |     1 ||     1
 Stab: Sleeping          |     3 |     1 ||     4
       Held in net/web   |       |     1 ||     1
  Eat: Chunk             |     1 |     2 ||     3
Armor: Leather armour    |    18 |    17 ||    35
Dodge: Dodged            |    52 |    80 ||   132
